 Dungeon Crawl Stone Soup version 0.30-a0-859-gf88a04b62d (webtiles) character file.

Game seed: 6057659424817190492

543821 FexLirch the Scorcher (level 23, -4/206 HPs)
             Began as a Demigod Earth Elementalist on Mar 6, 2023.
             Slain by a vampire knight
             ... wielding a +0 battleaxe
              (28 damage)
             ... while paralysed by a vampire knight
             ... on level 3 of the Crypt on Mar 7, 2023.
             The game lasted 05:44:24 (89379 turns).

FexLirch the Scorcher (Demigod Earth Elementalist) Turns: 89379, Time: 05:44:24

Health: -4/206     AC: 11    Str: 11    XL:     23   Next: 68%
Magic:  8/59       EV:  2    Int: 50    God:
Gold:   4541       SH:  0    Dex: 20    Spells: 2/56 levels left

rFire   + . .      SeeInvis +    E - +2 dagger "Fufinw Rupom" {flame, *Noise rElec rN+++ rCorr}
rCold   + + .      Faith    .    (no shield)
rNeg    + + +      Spirit   .    T - +1 robe of the Fae God {rPois Str-5 Int+7 Archmagi}
rPois   +          Reflect  .    I - +2 hat {SInv}
rElec   +          Rampage  +    G - scarf {rC+ rF+}
rCorr   +          Archmagi +    u - +2 pair of gloves {Dex+3}
Will    ++...                    c - +2 pair of boots {rampage}
Stlth   +                        k - amulet "Fesmui" {Acrobat rC+ Str-4 Dex+3}
HPRegen 0.54/turn                S - ring "Boxa" {rPois MP+9 Str+3 Stlth-}
MPRegen 0.36/turn                a - +6 ring of intelligence

@: paralysed, swift, studying Long Blades, quick
A: high MP 1, forlorn, divine attributes
}: 3/15 runes: barnacled, slimy, gossamer
a: no special abilities


You were on level 3 of the Crypt.
You visited 10 branches of the dungeon, and saw 49 of its levels.
You visited 1 bazaar.
You also visited: Bailey.

You collected 6539 gold pieces.
You spent 1998 gold pieces at shops.

Inventory:

Hand Weapons
 z - the +6 whip of Somewhere Else {speed, rC- rCorr Int+4}
   (You found it on level 4 of the Dungeon)

   Int:       It affects your intelligence (+4).
   rC:        It makes you vulnerable to cold.
   rCorr:     It protects you from acid and corrosion.
 E - the +2 dagger "Fufinw Rupom" (weapon) {flame, *Noise rElec rN+++ rCorr}
   (You found it on level 3 of the Elven Halls)

   rElec:     It insulates you from electricity.
   rN:        It renders you almost immune to negative energy.
   *Noise:    It may make noises in combat.
   rCorr:     It protects you from acid and corrosion.
 M - the +7 lajatang of Order {silver, rMut}
   (You acquired it on level 3 of the Spider Nest)

   rMut:      It protects you from mutation.
 P - the +0 staff of Battle
   (You found it on level 3 of the Elven Halls)

   It enhances your conjuration magic.
   It summons a battlesphere in combat, with strength depending on Conjurations
   skill.
   Its strikes trigger the battlesphere's blasts.
 U - the +2 dagger of the Original Sin {freeze, Will++}
   (You found it on level 5 of the Lair of Beasts)

   Will:      It greatly increases your willpower.
 V - the +5 double sword of Senifu {heavy, rElec rC+ Will+ Str-3}
   (You bought it in a shop on level 2 of the Orcish Mines)

   Str:       It affects your strength (-3).
   rC:        It protects you from cold.
   rElec:     It insulates you from electricity.
   Will:      It increases your willpower.
Armour
 c - a +2 pair of boots of rampaging (worn)
 u - a +2 pair of gloves of dexterity (worn)
 G - a scarf of resistance (worn)
 I - a +2 hat of see invisible (worn)
 T - the +1 robe of the Fae God (worn) {rPois Str-5 Int+7 Archmagi}
   (You found it on level 4 of the Shoals)

   Str:       It affects your strength (-5).
   Int:       It affects your intelligence (+7).
   rPois:     It protects you from poison.
   Archmagi:  It increases the power of your magical spells.
Magical Staves
 O - a staff of fire
Jewellery
 a - a +6 ring of intelligence (right hand)
 k - the amulet "Fesmui" (around neck) {Acrobat rC+ Str-4 Dex+3}
   (You found it on level 3 of the Lair of Beasts)

   [amulet of the acrobat]

   It increases your evasion while moving and waiting.
   Str:       It affects your strength (-4).
   Dex:       It affects your dexterity (+3).
   rC:        It protects you from cold.
 m - the ring of Pibribixt {rCorr Slay+2 SInv}
   (You found it on level 5 of the Pits of Slime)

   [ring of see invisible]

   Slay:      It affects your accuracy & damage with ranged weapons and melee
   (+2).
   SInv:      It lets you see invisible.
   rCorr:     It protects you from acid and corrosion.
 x - the ring of Tajadei {Fly rF++ rC+}
   (You found it on level 5 of the Pits of Slime)

   [ring of flight]

   rF:        It greatly protects you from fire.
   rC:        It protects you from cold.
   Fly:       It grants you flight.
 A - a ring of willpower
 S - the ring "Boxa" (left hand) {rPois MP+9 Str+3 Stlth-}
   (You found it on level 5 of the Pits of Slime)

   [ring of poison resistance]

   Str:       It affects your strength (+3).
   rPois:     It protects you from poison.
   MP:        It affects your magic capacity (+9).
   Stlth:     It makes you less stealthy.
 Y - a +6 ring of strength
Wands
 q - a wand of flame (35)
 B - a wand of paralysis (40)
 C - a wand of iceblast (29)
 J - a wand of mindburst (62)
 N - a wand of digging (10)
 W - a wand of acid (20)
Scrolls
 e - 14 scrolls of teleportation
 h - 9 scrolls of vulnerability
 i - 6 scrolls of fear
 j - 10 scrolls of blinking
 s - 2 scrolls of butterflies
 t - 8 scrolls of immolation
 v - 5 scrolls of magic mapping
 y - 7 scrolls of fog
 K - 7 scrolls of amnesia
 Q - 5 scrolls of torment
 Z - 9 scrolls of poison
Potions
 b - 6 potions of magic
 d - 11 potions of flight
 f - 14 potions of curing
 g - 5 potions of heal wounds
 l - 10 potions of haste
 n - 10 potions of lignification
 o - 4 potions of ambrosia
 p - 10 potions of might
 r - 12 potions of attraction
 w - 5 potions of resistance
 D - 2 potions of cancellation
 H - 13 potions of mutation
 R - 8 potions of brilliance
 X - 7 potions of invisibility
Miscellaneous
 F - a lightning rod (4/4)
 L - a phantom mirror


   Skills:
 + Level 17.3 Fighting
 + Level 17.3 Dodging
 - Level 1.7 Stealth
 + Level 17.2 Spellcasting
 + Level 18.4 Conjurations
 - Level 4.0 Necromancy
 + Level 2.9 Translocations
 - Level 7.0 Transmutations
 + Level 19.9 Fire Magic
 - Level 3.6 Air Magic
 - Level 12.2 Earth Magic


You had 2 spell levels left.
You knew the following spells:

 Your Spells              Type           Power      Damage    Failure   Level
a - Sandblast             Erth           100%       2d20      0%          1
b - Passwall              Tmut/Erth      98%        N/A       0%          2
c - Stone Arrow           Conj/Erth      100%       3d13      0%          3
d - Swiftness             Air            88%        N/A       1%          3
e - Iron Shot             Conj/Erth      69%        9d13      1%          6
f - Statue Form           Tmut/Erth      78%        N/A       1%          6
g - Starburst             Conj/Fire      75%        6d19      1%          6
h - Fireball              Conj/Fire      75%        3d28      0%          5
i - Ignition              Fire           76%        3d20      1%          8
j - Sublimation of Blood  Necr           90%        N/A       1%          2
k - Lehudib's Crystal Sp  Conj/Erth      69%        10d16     5%          8
l - Passage of Golubria   Tloc           83%        N/A       1%          4

Your spell library contained the following spells:

 Spells                   Type           Power      Damage    Failure   Level
 Foxfire                  Conj/Fire      100%       2x1d9     0%          1
 Kiss of Death            Conj/Necr      100%       2d13      0%          1
 Scorch                   Fire           100%       2d10      0%          2
 Beastly Appendage        Tmut           100%       N/A       1%          1
 Freeze                   Ice            100%       1d10      1%          1
 Necrotise                Necr           100%       1d9       1%          1
 Slow                     Hex            100%       N/A       1%          1
 Sting                    Tmut/Pois      100%       1d8       1%          1
 Cigotuvi's Dreadful Rot  Necr/Pois/Air  100%       N/A       1%          2
 Ensorcelled Hibernation  Hex/Ice        100%       N/A       1%          2
 Wereblood                Tmut           100%       N/A       1%          2
 Flame Wave               Conj/Fire      100%       2d21      0%          4
 Sticky Flame             Conj/Fire      100%       2d11      0%          4
 Iskenderun's Battlesphe  Conj           100%       2d15      0%          5
 Confusing Touch          Hex            59%        N/A       1%          3
 Dazzling Flash           Conj/Hex       100%       N/A       1%          3
 Frozen Ramparts          Ice            100%       1d16      1%          3
 Gell's Gravitas          Tloc           83%        N/A       1%          3
 Hailstorm                Conj/Ice       100%       3d20      1%          3
 Ignite Poison            Fire/Tmut/Pois 100%       N/A       1%          3
 Kindle Blastsparks       Fire/Tloc/Air  100%       2d18      1%          3
 Ozocubu's Armour         Ice            59%        N/A       1%          3
 Spider Form              Tmut/Pois      87%        N/A       1%          3
 Teleport Other           Tloc           83%        N/A       1%          3
 Tukima's Dance           Hex            59%        N/A       1%          3
 Vampiric Draining        Necr           90%        2d12      1%          3
 Airstrike                Air            44%        2d(7-23)  1%          4
 Animate Armour           Summ/Erth      100%       N/A       1%          4
 Animate Dead             Necr           90%        N/A       1%          4
 Dispel Undead            Necr           90%        3d29      1%          4
 Fulminant Prism          Conj/Hex       58%        3d24      1%          4
 Ice Form                 Ice/Tmut       87%        N/A       1%          4
 Iskenderun's Mystic Bla  Conj/Tloc      100%       2d19      1%          4
 Leda's Liquefaction      Hex/Erth       51%        N/A       1%          4
 Petrify                  Tmut/Erth      100%       N/A       1%          4
 Summon Lightning Spire   Summ/Air       75%        N/A       1%          4
 Blade Hands              Tmut           53%        N/A       1%          5
 Borgnjor's Vile Clutch   Necr/Erth      56%        N/A       1%          5
 Freezing Cloud           Conj/Ice/Air   54%        6-21      1%          5
 Lee's Rapid Deconstruct  Erth           64%        3d29*     1%          5
 Lightning Bolt           Conj/Air       62%        1d85      1%          5
 Conjure Ball Lightning   Conj/Air       62%        3x3d22    1%          6
 Orb of Destruction       Conj           74%        9d17      1%          7
 Agony                    Necr           90%        N/A       2%          5
 Alistair's Intoxication  Tmut/Pois      58%        N/A       2%          5
 Yara's Violent Unravell  Hex/Tmut       43%        3d17      2%          5
 Summon Ice Beast         Ice/Summ       59%        N/A       4%          4
 Silence                  Hex/Air        37%        N/A       5%          5
 Summon Forest            Summ/Tloc      36%        N/A       6%          5
 Summon Mana Viper        Hex/Summ       59%        N/A       12%         5
 Eringya's Noxious Bog    Tmut/Pois      43%        N/A       16%         6
 Dispersal                Tloc           41%        N/A       19%         6
 Simulacrum               Ice/Necr       38%        N/A       28%         6
 Summon Cactus Giant      Summ           29%        N/A       54%         6
 Necromutation            Tmut/Necr      49%        N/A       96%         8
 Ozocubu's Refrigeration  Ice            29%        4d14      98%         7
 Polar Vortex             Ice            29%        N/A       100%        9


Dungeon Overview and Level Annotations

Branches:
Dungeon (15/15)            Temple (0/1) D:5            Lair (5/5) D:9
 Shoals (4/4) Lair:3       Spider (4/4) Lair:3        Slime (5/5) Lair:4
    Orc (2/2) D:10            Elf (3/3) Orc:2        Vaults (4/5) D:14
  Crypt (3/3) Vaults:2       Tomb (0/3) Crypt:3      Depths (4/4) D:15
    Zot (0/5) Depths:4     Bailey (visited)

Shops:
D:9 [   D:11 (   D:14 *   Orc:2 (**?   Elf:3 (   Shoals:4 ?   Vaults:4 (
Depths:1 ?

Portals:
Hell: Depths:1 Depths:2 Depths:4
Abyss: Lair:5 Depths:3
Pandemonium: Depths:2
Ziggurat: Depths:2

Annotations:
D:9 exclusion: door
D:10 exclusion: oklob plant
D:14 exclusion: downstairs
Shoals:3 exclusion: 2 ice statues
Depths:1 3 runed translucent doors, Dameikh's ghost, veteran FoFi


Innate Abilities, Weirdness & Mutations

You have an increased reservoir of magic. (+10% MP)
You shall have no god before yourself.
Your divine heritage dramatically boosts your attributes as you level up.


Message History

The vampire knight completely misses you.
Casting: Sublimation of Blood (safe; 1% risk of failure)
Confirm with . or Enter, or press ? or * to list all spells.
You don't have enough magic to cast this spell.
The vampire knight gestures at you while chanting.
You resist with almost no effort.
You are unaffected.
The vampire knight points at you and mumbles some strange words.
You suddenly lose the ability to move!
The vampire knight hits you with a +0 battleaxe!!
The vampire knight completely misses you.
The vampire knight hits you with a +0 battleaxe!!
The vampire knight bites you.
You are unaffected.
The vampire knight hits you with a +0 battleaxe!!
* * * LOW HITPOINT WARNING * * *
The vampire knight bites you but does no damage.
A jiangshi comes into view.
The vampire knight hits you with a +0 battleaxe.
* * * LOW HITPOINT WARNING * * *
The vampire knight bites you but does no damage.
The vampire knight gestures at you while chanting.
You resist with almost no effort.
You are unaffected. x2
The vampire knight hits you with a +0 dire flail!
* * * LOW HITPOINT WARNING * * *
The vampire knight bites you!
* * * LOW HITPOINT WARNING * * *
The vampire knight points at you and mumbles some strange words.
You resist with almost no effort.
The vampire knight hits you but does no damage.
The vampire knight bites you.
* * * LOW HITPOINT WARNING * * *
The vampire knight barely misses you.
The vampire knight bites you but does no damage.
A skeletal warrior comes into view. It is wielding a +0 short sword.
The vampire knight casts a spell at you.
The vampire knight blinks!
The vampire knight points at you and mumbles some strange words.
You resist with almost no effort.
The vampire knight hits you with a +0 battleaxe!!
You die...

. #'#+#'#+#######
..........#.V.#.#
§.........#VV.#.# ##
#.#.#.#..⌠#@#.#.# #....V
........) #V#.#.# #....#
........###V#.#.# #....#
...)......V§#...# #....#
....Z.....z.#.#.# #....#
)...........#...# #.....
.....V..###.#.#.#######.....
......... #.#.#.............
#.#)#.#). #.#.#.............


You could see 4 vampire knights, a skeletal warrior and 2 jiangshi.

Vanquished Creatures
  the Royal Jelly (Slime:5)
  Sojobo (Depths:4)
  Boris (Depths:4)
  Saint Roka (Vaults:3)
  3 caustic shrikes
  Bai Suzhen (Shoals:4)
  Nikola (Depths:1)
  Arachne (Spider:3)
  6 tentacled monstrosities
  Rupert (Lair:5)
  A walking earthen tome (Depths:3)
  The ghost of Fogaerej the Severer, an adept AtBe of Trog (Spider:3)
  2 walking crystal tomes (Depths:3)
  3 deep elf blademasters
  Jorgrun (Shoals:3)
  2 deep elf master archers (Elf:3)
  2 walking frostbound tomes (Depths:2)
  3 titans
  3 liches
  A quicksilver dragon (Depths:3)
  The ghost of cheesebisquit the Earth Mage, an adept GrEE of Vehumet (Spider:3)
  19 acid blobs
  A kraken (Shoals:3)
  Polyphemus (Shoals:3)
  2 ancient champions
  4 tengu reavers
  11 sphinxes
  Gastronok (Lair:3)
  Donald (Shoals:4)
  The ghost of Kilet the Geomancer, an adept GrEE of Vehumet (D:14)
  3 storm dragons
  9 azure jellies
  13 fire giants
  Ilsuiw (Shoals:4)
  2 revenants
  8 rockslimes
  Roxanne (Elf:2)
  7 deep elf sorcerers (Elf:3)
  An emperor scorpion (shapeshifter) (Lair:5)
  8 frost giants
  9 vault wardens
  11 emperor scorpions
  A balrug (Depths:4)
  A ghost moth (Spider:1)
  12 ghouls
  Aizul (Depths:1)
  8 deep elf elementalists (Elf:3)
  2 reapers (Crypt:3)
  A draconian stormcaller (Depths:4)
  9 quicksilver oozes
  23 very ugly things
  A spriggan defender (Depths:2)
  A war gargoyle (Vaults:2)
  A broodmother (Spider:4)
  16 ironbound preservers
  13 vampire knights
  A rockslime zombie (Crypt:1)
  12 stone giants
  7 ironbound thunderhulks
  2 eleionomae (Shoals:4)
  2 deep elf demonologists (Elf:3)
  A deep elf annihilator (Elf:1)
  Azrael (Spider:3)
  12 dire elephants
  3 white draconians (Depths:4)
  A bunyip (Spider:4)
  13 spark wasps
  A yellow draconian (Depths:4)
  2 crystal guardians (Vaults:4)
  8 eidola
  12 ettins
  9 merfolk impalers
  2 merfolk javelineers (Shoals:4)
  13 jiangshi
  15 deep elf death magi
  11 fire dragons
  6 deep elf high priests
  13 entropy weavers
  4 rakshasas
  10 great orbs of eyes
  10 yaktaur captains
  2 peacekeepers
  2 hydras
  13 ice dragons
  4 spriggan air magi
  8 vault guards (Vaults:4)
  9 ironbound frosthearts
  A merfolk aquamancer (Shoals:4)
  A death knight (D:14)
  4 merfolk avatars
  An Orb Guardian zombie (Crypt:2)
  An ogre mage (D:15)
  2 catoblepae
  17 boulder beetles
  5 radroaches
  9 two-headed ogres
  4 jorogumos
  28 dancing weapons
  14 centaur warriors
  9 death yaks
  An alligator snapping turtle (Shoals:3)
  6 deep troll shamans
  3 satyrs (Shoals:4)
  10 tengu warriors
  3 orc high priests
  7 deep troll earth magi
  2 hell knights
  4 spriggan berserkers
  4 sun demons
  12 vampire magi
  5 soul eaters
  3 thrashing horrors (Lair:5)
  2 skysharks
  23 skeletal warriors
  17 deep elf knights
  An iron troll (Depths:1)
  2 sixfirhies (Depths:2)
  7 pharaoh ants
  10 sea snakes
  2 sun moths
  A bunyip zombie (Crypt:3)
  49 deep trolls
  3 flayed ghosts
  3 large abominations
  7 glowing orange brains
  5 orb spiders
  5 bog bodies
  A golden dragon skeleton (Depths:1)
  17 deep elf archers
  8 steelbarb worms
  4 wizards
  8 lindwurms
  A bunyip skeleton (Crypt:1)
  A steelbarb worm (shapeshifter) (Vaults:2)
  19 ironbound convokers
  23 deep elf pyromancers
  18 phantasmal warriors
  21 deep elf zephyrmancers
  33 harpies
  9 necromancers
  5 orc sorcerers
  A frost giant zombie (Vaults:1)
  21 ugly things
  4 cyclopes
  31 fauns
  4 orc knights
  5 moths of wrath
  A jorogumo skeleton (Crypt:3)
  10 manticores
  2 stone giant skeletons
  12 wolf spiders
  7 shining eyes
  A fire giant zombie (Crypt:3)
  A sphinx skeleton (Depths:1)
  An iron dragon skeleton (Crypt:3)
  A fire giant skeleton (Vaults:1)
  2 frost giant skeletons (Depths:1)
  22 vault sentinels
  2 dire elephant zombies
  5 torpor snails
  3 black mambas
  11 merfolk sirens
  15 demonic crawlers
  A centaur zombie (Crypt:1)
  5 eyes of devastation
  9 water nymphs
  A shock serpent skeleton (Crypt:1)
  A catoblepas zombie (Crypt:2)
  5 smoke demons
  3 rime drakes
  7 cane toads
  4 centaur skeletons
  A gargoyle (D:10)
  24 yaktaurs
  9 komodo dragons
  2 yaktaur zombies (Vaults:1)
  2 kobold demonologists
  A freezing wraith (Vaults:1)
  A tormentor (Depths:2)
  4 guardian mummies (Crypt:3)
  An ice devil (Depths:2)
  6 tengu conjurers
  2 spriggan skeletons
  A steelbarb worm zombie (Crypt:2)
  2 ancient zymes (Lair:5)
  A harpy zombie (Crypt:3)
  9 polar bears
  A tengu simulacrum (Vaults:1)
  4 trolls
  A wind drake (shapeshifter) (Elf:2)
  2 hornets (Depths:3)
  22 merfolk
  30 tarantellas
  Grinder (D:6)
  9 meliai
  A dream sheep (shapeshifter) (Vaults:1)
  8 dream sheep
  A satyr zombie (Crypt:1)
  A hellwing (Depths:2)
  A deep troll zombie (Vaults:1)
  6 wind drakes
  A fire dragon zombie (Crypt:3)
  A slime creature (shapeshifter) (Depths:2)
  25 blink frogs
  9 snapping turtles
  156 slime creatures
  2 air elementals
  Sigmund (D:5)
  15 water elementals
  31 jumping spiders
  A shadow (D:10)
  14 culicivoras
  3 wyverns
  A tyrant leech zombie (Crypt:1)
  Eustachio (D:6)
  11 wraiths
  44 yaks
  3 spriggans
  4 ynoxinuls
  A vampire (D:10)
  8 fire elementals
  4 golden eyes (Slime:5)
  A chaos spawn (Depths:2)
  13 basilisks
  A basilisk (shapeshifter) (D:15)
  49 redbacks
  2 steam dragons (D:8)
  A wind drake skeleton (Crypt:3)
  2 vampire mosquitoes (D:12)
  9 wargs
  Grum (Bailey)
  4 acid dragons
  An acid dragon (shapeshifter) (Elf:2)
  9 water moccasins
  2 floating eyes
  3 hell hounds (Spider:3)
  8 small abominations
  A faun skeleton (Crypt:3)
  2 glowing shapeshifter skeletons
  38 orc warriors
  4 ice beasts
  A sky beast (shapeshifter) (Depths:2)
  2 black bears
  A boggart (Vaults:1)
  7 ogres
  A blink frog zombie (Crypt:2)
  A human skeleton (Vaults:1)
  25 centaurs
  16 wolves
  2 phantoms (D:5)
  An elf simulacrum (Vaults:1)
  4 elf zombies (Elf:1)
  3 kobold brigands
  4 necrophages
  2 earth elementals
  9 gnoll sergeants
  2 komodo dragon skeletons
  16 bullfrogs
  3 scorpions
  12 wights
  2 queen bee zombies
  4 electric eels (Spider:3)
  A lava snake (D:7)
  A human zombie (Crypt:1)
  5 hounds
  26 orc priests
  A jelly (D:5)
  6 gnoll boudas
  A bullfrog skeleton (Crypt:2)
  7 iguanas
  2 sleepcaps
  30 orc wizards
  A boggart skeleton (D:14)
  3 centaur simulacra (D:9)
  A naga zombie (Crypt:3)
  A deep dwarf skeleton (Crypt:2)
  7 adders
  30 gnolls
  7 white imps
  2 ufetubi
  2 worms
  2 dart slugs
  87 orcs
  10 ball pythons
  5 endoplasms
  6 giant cockroaches
  12 goblins
  7 hobgoblins
  3 jackals (D:5)
  5 quokkas
  7 bats
  9 frilled lizards
  A jackal skeleton (Crypt:3)
  20 kobolds
  3 rats
  A rat zombie (Crypt:1)
  A river rat skeleton (Crypt:3)
  A tentacle (Shoals:3)
2182 creatures vanquished.

Vanquished Creatures (collateral kills)
  A merfolk impaler (Shoals:4)
1 creature vanquished.

Vanquished Creatures (others)
  27 fungi
  168 plants
  3 tentacles (Shoals:3)
198 creatures vanquished.

Grand Total: 2381 creatures vanquished

Notes
Turn   | Place    | Note
-------+----------+-------------------------------------------
     0 | D:1      | FexLirch the Demigod Earth Elementalist began the quest for
                  | the Orb.
     0 | D:1      | Reached XP level 1. HP: 14/14 MP: 5/5
   193 | D:1      | Reached XP level 2. HP: 19/20 MP: 2/7
   346 | D:1      | Reached skill level 1 in Conjurations
  1228 | D:2      | Reached XP level 3. HP: 17/26 MP: 6/9
  1318 | D:2      | Noticed a scorpion
  1325 | D:2      | Killed a scorpion
  1326 | D:2      | Reached XP level 4. HP: 14/33 MP: 3/10
  1406 | D:2      | Learned a level 2 spell: Passwall
  1410 | D:2      | Learned a level 3 spell: Stone Arrow
  2891 | D:4      | Reached XP level 5. HP: 35/38 MP: 7/12
  3072 | D:4      | Noticed a black bear
  3089 | D:4      | Killed a black bear
  3200 | D:4      | Reached XP level 6. HP: 45/45 MP: 11/14
  3490 | D:4      | Identified the +6 whip of Somewhere Else {speed, rC- rCorr
                  | Int+4}
  3939 | D:5      | Entered Level 5 of the Dungeon
  4171 | D:5      | Found a staircase to the Ecumenical Temple.
  4225 | D:5      | Reached XP level 7. HP: 50/50 MP: 12/16
  4241 | D:5      | Reached skill level 5 in Earth Magic
  4371 | D:5      | Noticed Sigmund
  4380 | D:5      | Killed Sigmund
  4481 | D:5      | Learned a level 3 spell: Swiftness
  4682 | D:5      | Reached skill level 1 in Air Magic
  4812 | D:5      | Reached XP level 8. HP: 57/57 MP: 15/18
  5031 | D:6      | Reached skill level 5 in Spellcasting
  5031 | D:6      | Reached skill level 5 in Conjurations
  5097 | D:6      | Noticed Grinder
  5109 | D:6      | Killed Grinder
  5320 | D:6      | Noticed Eustachio
  5539 | D:6      | Killed Eustachio
  6341 | D:7      | Got the Parchment of the Hidden Gods
  6715 | D:8      | Reached XP level 9. HP: 62/62 MP: 17/21
  7012 | D:8      | Learned a level 6 spell: Iron Shot
  7269 | D:8      | Found a flagged portal.
  7285 | Bailey   | Entered a bailey
  8023 | Bailey   | Noticed Grum
  8170 | Bailey   | Reached skill level 1 in Fighting
  8178 | Bailey   | Killed Grum
  8893 | D:9      | Found a staircase to the Lair.
  8917 | D:9      | Reached XP level 10. HP: 72/72 MP: 14/24
  9479 | D:9      | Found Zunev's Antique Armour Shop.
  9489 | D:10     | Entered Level 10 of the Dungeon
 10264 | D:10     | Found a staircase to the Orcish Mines.
 10843 | D:10     | Noticed an oklob plant
 11216 | D:10     | Reached XP level 11. HP: 84/84 MP: 17/27
 11740 | D:11     | Found Qesh's Antique Weapon Emporium.
 11804 | D:11     | Identified the +5 war axe "Joazon" {freeze, rCorr}
 12152 | D:11     | Noticed a two-headed ogre
 12174 | D:11     | Killed a two-headed ogre
 12238 | D:11     | Reached skill level 1 in Fire Magic
 12531 | D:12     | Reached skill level 5 in Dodging
 12656 | D:12     | Learned a level 4 spell: Iskenderun's Mystic Blast
 12694 | D:12     | Noticed a deep elf pyromancer
 12698 | D:12     | Killed a deep elf pyromancer
 12759 | D:12     | Noticed a two-headed ogre
 12759 | D:12     | You fall into a shaft and drop 2 floors!
 12782 | D:14     | Reached skill level 2 in Fire Magic
 12798 | D:13     | Noticed a boulder beetle
 12805 | D:13     | Noticed a seven-headed hydra
 13139 | D:12     | Noticed a boulder beetle
 13154 | D:12     | Killed a boulder beetle
 13155 | D:12     | Reached skill level 5 in Fighting
 13411 | D:12     | Killed a two-headed ogre
 13793 | D:13     | Noticed a centaur warrior
 13889 | D:13     | Killed a centaur warrior
 13890 | D:13     | Reached skill level 3 in Fire Magic
 14080 | D:13     | Killed a seven-headed hydra
 14099 | D:13     | Killed a boulder beetle
 14125 | D:13     | Noticed a two-headed ogre
 14244 | D:13     | Killed a two-headed ogre
 14553 | D:14     | Noticed a tengu warrior
 14560 | D:14     | Killed a tengu warrior
 14561 | D:14     | Reached XP level 12. HP: 91/95 MP: 14/29
 14673 | D:14     | Noticed a centaur warrior
 14683 | D:14     | Killed a centaur warrior
 14809 | Lair:1   | Entered Level 1 of the Lair of Beasts
 15054 | Lair:1   | Reached skill level 4 in Fire Magic
 15417 | Lair:1   | Reached skill level 10 in Earth Magic
 17019 | Lair:2   | Identified the +6 dire flail "Areim" {antimagic, Fly rF-
                  | rN+++ SInv}
 17159 | Lair:2   | Reached skill level 5 in Fire Magic
 18349 | Lair:3   | Reached skill level 10 in Conjurations
 18577 | Lair:3   | Identified the +3 scimitar "Ducu" {freeze, Str+3}
 18582 | Lair:3   | Identified the amulet "Fesmui" {Acrobat rC+ Str-4 Dex+3}
 18593 | Lair:3   | Noticed a boulder beetle
 18601 | Lair:3   | Killed a boulder beetle
 18763 | Lair:3   | Found a staircase to the Shoals.
 18875 | Lair:3   | Reached XP level 13. HP: 105/105 MP: 6/31
 19085 | Lair:3   | Noticed Gastronok
 20214 | Lair:4   | Found a staircase to the Slime Pits.
 21101 | Lair:5   | Entered Level 5 of the Lair of Beasts
 21526 | Lair:5   | Reached skill level 6 in Fire Magic
 22086 | Lair:5   | Noticed Rupert
 22090 | Lair:5   | Paralysed by Rupert for 5 turns
 22112 | Lair:5   | Killed Rupert
 22113 | Lair:5   | Reached skill level 10 in Spellcasting
 24016 | Lair:5   | Identified the +2 dagger of the Original Sin {freeze,
                  | Will++}
 24060 | Lair:5   | Noticed an emperor scorpion
 24064 | Lair:5   | Killed an emperor scorpion
 24670 | Lair:5   | Found a one-way gate to the infinite horrors of the Abyss.
 24690 | Lair:5   | Learned a level 6 spell: Starburst
 24876 | Orc:1    | Entered Level 1 of the Orcish Mines
 25759 | Orc:2    | Entered Level 2 of the Orcish Mines
 26308 | Orc:1    | Reached XP level 14. HP: 103/116 MP: 15/33
 26753 | Orc:2    | Found a staircase to the Elven Halls.
 26797 | Orc:2    | Reached skill level 7 in Fire Magic
 27940 | Orc:2    | Found Pileb's Assorted Antiques.
 27940 | Orc:2    | Found Pyoreow's Assorted Antiques.
 27942 | Orc:2    | Found Diphio's Antique Weapon Emporium.
 27944 | Orc:2    | Found Kaen's Magic Scroll Shop.
 27953 | Orc:2    | Bought a smoking double sword for 420 gold pieces
 27953 | Orc:2    | Identified the +5 double sword of Senifu {heavy, rElec rC+
                  | Will+ Str-3} (You bought it in a shop on level 2 of the
                  | Orcish Mines)
 27958 | Orc:2    | Bought a scroll of blinking for 217 gold pieces
 27961 | Orc:2    | Bought a scroll of identify for 30 gold pieces
 28214 | Orc:2    | Paralysed by an orc sorcerer for 5 turns
 28875 | D:15     | Entered Level 15 of the Dungeon
 29471 | D:14     | Found Obygorue's General Store.
 29474 | D:14     | Bought a scroll of identify for 34 gold pieces
 29905 | D:14     | Found a runed translucent door.
 29913 | D:14     | Noticed Kilet's ghost (adept GrEE)
 29923 | D:14     | Killed Kilet's ghost
 31145 | D:14     | Found a gate to the Vaults.
 31671 | Lair:3   | Found a hole to the Spider Nest.
 31888 | Lair:3   | Killed Gastronok
 32153 | Shoals:1 | Entered Level 1 of the Shoals
 32495 | Shoals:2 | Reached skill level 8 in Fire Magic
 33528 | Shoals:2 | Reached XP level 15. HP: 117/125 MP: 14/35
 35110 | Shoals:2 | Reached skill level 10 in Dodging
 35257 | Shoals:2 | Reached skill level 9 in Fire Magic
 35483 | Shoals:3 | Noticed Polyphemus
 35511 | Shoals:3 | Noticed Jorgrun
 35518 | Shoals:3 | Killed Jorgrun
 35519 | Shoals:3 | Reached skill level 10 in Fighting
 36002 | Shoals:3 | Killed Polyphemus
 36062 | Shoals:3 | Found a frozen archway.
 36071 | Shoals:3 | Identified the +5 great sword "Micumomm" {venom, rPois rC+
                  | Will+ SInv}
 36508 | Shoals:3 | Noticed a kraken
 36603 | Shoals:3 | Killed a kraken
 36628 | Shoals:4 | Entered Level 4 of the Shoals
 36628 | Shoals:4 | Noticed Bai Suzhen
 36884 | Shoals:4 | Noticed Ilsuiw
 36902 | Shoals:4 | Killed Ilsuiw
 36911 | Shoals:4 | Reached skill level 10 in Fire Magic
 37083 | Shoals:4 | Identified the +2 robe "Yzauqolu" {-Tele Str+6}
 37103 | Shoals:4 | Identified the +1 robe of the Fae God {rPois Str-5 Int+7
                  | Archmagi}
 37443 | Shoals:4 | Found Civef Safi's Magic Scroll Shop.
 37462 | Shoals:4 | Identified a scroll of acquirement
 37463 | Shoals:4 | Acquired the Compilation of the Meteoric Tropics
 37471 | Shoals:4 | Learned a level 5 spell: Fireball
 37785 | Shoals:4 | Identified the +4 shortbow of the Fray {heavy, *Corrode
                  | rElec Dex+3}
 37819 | Shoals:4 | Got the Volume of Conflagrant Reformation
 38177 | Shoals:4 | Killed Bai Suzhen
 38178 | Shoals:4 | Reached XP level 16. HP: 81/136 MP: 10/37
 38471 | Shoals:4 | Noticed Donald
 38727 | Shoals:4 | Killed Donald
 38888 | Shoals:4 | Identified the +6 ring mail of Ugomn {Will+ Str+3 Int+5}
 38986 | Shoals:4 | Got a barnacled rune of Zot
 39004 | Shoals:4 | Noticed a kraken
 39362 | Shoals:4 | Reached skill level 11 in Fire Magic
 40282 | Shoals:4 | Got Pempal's Papyrus of the Curse
 40404 | Spider:1 | Entered Level 1 of the Spider Nest
 43297 | Spider:1 | Reached skill level 12 in Fire Magic
 45640 | Spider:2 | Reached XP level 17. HP: 125/144 MP: 23/38
 46348 | Spider:3 | Noticed Arachne
 46357 | Spider:3 | Killed Arachne
 46768 | Spider:3 | Noticed Azrael
 46825 | Spider:3 | Acquired the +7 lajatang of Order {silver, rMut}
 46825 | Spider:3 | Found the +7 lajatang of Order {silver, rMut}
 47154 | Spider:3 | Killed Azrael
 47277 | Spider:3 | Found a runed translucent gate.
 47288 | Spider:3 | Learned a level 8 spell: Ignition
 47288 | Spider:3 | Found a runed translucent gate.
 47288 | Spider:3 | Found a runed translucent gate.
 47290 | Spider:3 | Noticed cheesebisquit's ghost (adept GrEE)
 47290 | Spider:3 | Noticed Fogaerej's ghost (adept AtBe)
 48904 | Spider:3 | Killed cheesebisquit's ghost
 49022 | Spider:3 | Killed Fogaerej's ghost
 49023 | Spider:3 | Reached skill level 13 in Fire Magic
 49163 | Spider:4 | Entered Level 4 of the Spider Nest
 52846 | Spider:4 | Got a gossamer rune of Zot
 53413 | D:15     | Upgraded the game from 0.30-a0-857-gcaf70739d4 to
                  | 0.30-a0-859-gf88a04b62d
 53499 | D:15     | Reached skill level 14 in Fire Magic
 53708 | D:15     | Found Jaisumena's Assorted Antiques.
 54125 | D:15     | Found a staircase to the Depths.
 54383 | Elf:1    | Entered Level 1 of the Elven Halls
 54577 | Elf:1    | Reached XP level 18. HP: 155/155 MP: 27/40
 55294 | Elf:1    | Got the Anthology of Unspeakable Magic
 55298 | Elf:1    | Learned a level 2 spell: Sublimation of Blood
 55889 | Elf:1    | Reached skill level 1 in Necromancy
 56115 | Elf:1    | Found a runed translucent gate.
 56115 | Elf:1    | Found a runed translucent gate.
 56115 | Elf:1    | Found a runed translucent gate.
 56115 | Elf:1    | Found a runed translucent gate.
 56115 | Elf:1    | Found a runed translucent gate.
 56117 | Elf:1    | Found a runed translucent gate.
 56577 | Elf:2    | Found Ytris's Assorted Antiques.
 56835 | Elf:2    | Identified Roxanne's Guidebook on Spelunking
 56835 | Elf:2    | Noticed Roxanne
 57841 | Elf:2    | Found a runed translucent gate.
 57841 | Elf:2    | Found a runed translucent gate.
 57841 | Elf:2    | Found a runed translucent gate.
 58695 | Elf:2    | Reached skill level 15 in Fire Magic
 58993 | Elf:2    | Killed Roxanne
 59033 | Elf:3    | Entered Level 3 of the Elven Halls
 59808 | Elf:3    | Found Ceshuet's Weapon Shoppe.
 60254 | Elf:3    | Learned a level 6 spell: Statue Form
 60316 | Elf:3    | Identified the +4 falchion of Revolt {venom, rC+}
 60317 | Elf:3    | Reached skill level 1 in Transmutations
 60318 | Elf:3    | Reached XP level 19. HP: 163/163 MP: 13/42
 60811 | Elf:3    | Identified the +2 dagger "Fufinw Rupom" {flame, *Noise
                  | rElec rN+++ rCorr}
 60968 | Elf:3    | Found the +0 staff of Battle
 60970 | Elf:3    | Got the Atlas of Nival Terra Firma
 60972 | Elf:3    | Identified the +6 shortbow of Indignation {flame, rElec rC-
                  | rN++}
 61310 | Depths:1 | Entered Level 1 of the Depths
 61489 | Depths:1 | Reached skill level 15 in Conjurations
 61672 | Depths:1 | Noticed Nikola
 62103 | Depths:1 | Killed Nikola
 62162 | Depths:1 | Noticed Aizul
 62166 | Depths:1 | Killed Aizul
 62408 | Depths:1 | Found a runed translucent gate.
 62408 | Depths:1 | Found a runed translucent gate.
 62408 | Depths:1 | Found a runed translucent gate.
 62408 | Depths:1 | Noticed Dameikh's ghost (veteran FoFi)
 62470 | Depths:1 | Reached skill level 16 in Fire Magic
 62918 | Depths:1 | Found Ihuwekel's Magic Scroll Shoppe.
 62932 | Depths:1 | Bought a scroll of blinking for 97 gold pieces
 62932 | Depths:1 | Bought a scroll of magic mapping for 97 gold pieces
 62932 | Depths:1 | Bought a scroll of teleportation for 39 gold pieces
 62932 | Depths:1 | Bought a scroll of magic mapping for 97 gold pieces
 63180 | Depths:1 | Found a gateway to Hell.
 63313 | Depths:1 | Identified the ring "Wixkig" {rF++ rN+ Str+3 Int-4 Slay+2}
 63638 | Depths:2 | Noticed a caustic shrike
 63659 | Depths:2 | Killed a caustic shrike
 63997 | Depths:2 | Noticed a caustic shrike
 64001 | Depths:2 | Killed a caustic shrike
 64612 | Depths:2 | Reached XP level 20. HP: 173/173 MP: 38/44
 65111 | Depths:2 | Found a one-way gate leading to the halls of Pandemonium.
 65270 | Depths:2 | Reached skill level 5 in Transmutations
 66393 | Depths:2 | Reached skill level 17 in Fire Magic
 67319 | Depths:2 | Found a one-way gateway to a ziggurat.
 68238 | Depths:3 | Noticed a caustic shrike
 68243 | Depths:3 | Killed a caustic shrike
 68659 | Depths:3 | Reached skill level 15 in Spellcasting
 69079 | Depths:4 | Entered Level 4 of the Depths
 69454 | Depths:4 | Noticed Sojobo
 69461 | Depths:4 | Killed Sojobo
 69895 | Depths:4 | Reached XP level 21. HP: 165/182 MP: 33/46
 70163 | Depths:4 | Found a gate to the Realm of Zot.
 70174 | Depths:4 | Noticed Boris
 70178 | Depths:4 | Killed Boris
 71512 | Vaults:1 | Entered Level 1 of the Vaults
 71584 | Vaults:1 | Found a flickering gateway to a bazaar.
 71620 | Bazaar   | Entered a bazaar
 71620 | Bazaar   | Found Juinaes's Distillery.
 71620 | Bazaar   | Found Siarirph's Antique Armour Shop.
 71623 | Bazaar   | Found Gelonil's Antique Weapon Shop.
 71680 | Bazaar   | Bought a potion of heal wounds for 45 gold pieces
 71680 | Bazaar   | Bought a potion of haste for 90 gold pieces
 71680 | Bazaar   | Bought a potion of brilliance for 36 gold pieces
 71680 | Bazaar   | Bought a potion of curing for 27 gold pieces
 71706 | Bazaar   | Bought a wizard robe for 153 gold pieces
 71706 | Bazaar   | Identified the +1 robe of Qutar {rF+} (You bought it in a
                  | shop in a bazaar)
 71706 | Bazaar   | Bought a jewelled leather armour for 189 gold pieces
 71706 | Bazaar   | Identified the +3 leather armour of Patterns {rF+ Slay+2}
                  | (You bought it in a shop in a bazaar)
 71706 | Bazaar   | Bought a glowing helmet for 202 gold pieces
 71748 | Vaults:1 | Reached skill level 15 in Dodging
 71862 | Vaults:1 | Reached skill level 18 in Fire Magic
 72274 | Vaults:1 | Reached skill level 15 in Fighting
 75299 | Vaults:2 | Found a staircase to the Crypt.
 75986 | Vaults:3 | Noticed Saint Roka
 75990 | Vaults:3 | Killed Saint Roka
 77115 | Vaults:3 | Reached XP level 22. HP: 194/194 MP: 27/48
 77990 | Vaults:4 | Found Goab's Antique Weapon Emporium.
 77999 | Vaults:4 | Bought a transparent rapier for 225 gold pieces
 77999 | Vaults:4 | Identified the +5 rapier of the Filigreed God {drain, rF+
                  | rC+} (You bought it in a shop on level 4 of the Vaults)
 80450 | Slime:1  | Entered Level 1 of the Pits of Slime
 81074 | Slime:1  | Reached skill level 19 in Fire Magic
 83520 | Slime:5  | Entered Level 5 of the Pits of Slime
 83539 | Slime:5  | Noticed the Royal Jelly
 83718 | Slime:4  | Learned a level 8 spell: Lehudib's Crystal Spear
 84116 | Slime:4  | Reached XP level 23. HP: 167/204 MP: 28/50
 84564 | Slime:5  | Killed the Royal Jelly
 84670 | Slime:5  | Got a slimy rune of Zot
 84694 | Slime:5  | Identified the ring of Pibribixt {rCorr Slay+2 SInv}
 84714 | Slime:5  | Got Vamm's Tome of Pestilence and the Cumulonimbus
 84728 | Slime:5  | Identified the ring "Boxa" {rPois MP+9 Str+3 Stlth-}
 84737 | Slime:5  | Identified the ring of Tajadei {Fly rF++ rC+}
 84742 | Slime:5  | Identified the +6 executioner's axe of Fegaex {heavy, Drain
                  | Fly MP+9 Dex-3}
 84743 | Slime:5  | Identified the +5 long sword "Deack" {freeze, Will- Str+2
                  | Dex+3}
 85187 | Crypt:1  | Entered Level 1 of the Crypt
 87443 | Crypt:2  | Learned a level 4 spell: Passage of Golubria
 87960 | Crypt:3  | Entered Level 3 of the Crypt
 87975 | Crypt:3  | Reached skill level 1 in Translocations
 88664 | Crypt:3  | Acquired 559 gold pieces
 89114 | Crypt:3  | Found a staircase to the Tomb.
 89376 | Crypt:3  | Paralysed by a vampire knight for 4 turns
 89379 | Crypt:3  | Slain by a vampire knight

Illustrated notes

Levels and vault maps discovered:
D:1:      minmay_arrival_pointy, layout_basic,
          ebering_ecumenical_altar_abandoned
D:2:      layout_loops_ring
D:3:      layout_loops_ring, vehumet_altar_wand_db, serial_park_tiny_2,
          minmay_misc_feat_alley
D:4:      layout_gridville, minitemple, chequers_big_river
D:5:      layout_loops_ring, lemuel_tele_altar, minmay_temple_entry_mini_moons,
          uniq_sigmund
D:6:      layout_layer_cave, elyvilon_altar_3, uniq_eustachio, uniq_grinder
D:7:      layout_rooms, lemuel_coloured_pillars_altar, kennysheep_crisscross
D:8:      layout_gridville, lemuel_crystal_altar, enter_bailey_5
D:9:      layout_loops_ring, grunt_temple_overflow_gold_and_silver,
          erik_lair_orcish_takeover, serial_ice, serial_ice_c, serial_ice_m,
          serial_ice_o, serial_ice_h, kennysheep_small_circle
D:10:     layout_cave_pools, mainiacjoe_overflow_chevrons, tgw_fedhas,
          minmay_orc_entry_temple_large
D:11:     layout_irregular_city, serial_shops, shop
D:12:     layout_cave_pools
D:13:     layout_loops_ring
D:14:     layout_layer_cave, hangedman_vaults_entry_quadrant_bands,
          serial_shops, nicolae_shop_behind_doors, kennysheep_flooded_box,
          ebering_ghost_reflecting_pool, drop_trap
D:15:     grunt_enter_depths_hoard, layout_cross, serial_shops,
          nicolae_shop_stone, amcnicky_mini_pool_small
Lair:1:   layout_roguey, chequers_serial_rivers_small_b, nicolae_lair_lindhole,
          grunt_megastairs_3, serial_bayou_shore_b
Lair:2:   layout_cave_pods, nicolae_lair_grove_arrangements,
          serial_bayou_shore_b, infiniplex_staircase_pool_2
Lair:3:   layout_gridlike, minmay_shoals_entry_centaurs,
          spider_nest_entry_funnel_web, grunt_megastairs_5, uniq_gastronok
Lair:4:   layout_regular_city, slime_entry_1
Lair:5:   hellmonk_lair_end_abyssal_woods, layout_long_grid, basic_altar,
          uniq_rupert
Shoals:1: layout_shoals
Shoals:2: argonaut_golden_fleece, layout_shoals
Shoals:3: layout_shoals, portal_ice_cave_entry_ice_statue_two, uniq_jorgrun,
          uniq_polyphemus
Shoals:4: shoals_end_hangedman, layout_shoals, shoals_ilsuiw_ice, serial_shops,
          nicolae_shop_statue_plus, nicolae_shoals_enchanted_isle, uniq_donald,
          uniq_bai_suzhen
Spider:1: nicolae_spider_hilbert_zone_1 [nicolae_spider_hilbert_4_sides_1_open,
          nicolae_spider_hilbert_4_sides_1_open,
          nicolae_spider_hilbert_4_sides_1_open,
          nicolae_spider_hilbert_4_sides_1_open,
          nicolae_spider_hilbert_3_sides_1_open,
          nicolae_spider_hilbert_3_sides_1_open,
          nicolae_spider_hilbert_3_sides_1_open,
          nicolae_spider_hilbert_3_sides_1_open,
          nicolae_spider_hilbert_3_sides_1_open,
          nicolae_spider_hilbert_6_sides_1_open,
          nicolae_spider_hilbert_6_sides_1_open,
          nicolae_spider_hilbert_3_sides_1_open,
          nicolae_spider_hilbert_3_sides_1_open,
          nicolae_spider_hilbert_3_sides_1_open,
          nicolae_spider_hilbert_3_sides_1_open,
          nicolae_spider_hilbert_2_sides_1_open], nicolae_spider_webs_and_nodes,
          nicolae_spider_twisty_arc_passages
Spider:2: layout_chambers
Spider:3: layout_chambers, gammafunk_ghost_cemetery, nicolae_spider_bzzzt,
          uniq_arachne, uniq_azrael
Spider:4: hellmonk_spider_rune_bug_friends, drop_trap,
          nicolae_spider_jagged_tunnels
Slime:1:  layout_caves, cheibrodos_slime_lost_civilization_6
Slime:2:  layout_caves
Slime:3:  cheibrodos_slime_lost_civilization_10, layout_caves
Slime:4:  layout_caves, cheibrodos_slime_lost_civilization_7
Slime:5
Orc:1:    layout_caves, basic_altar
Orc:2:    st_orc_rangers, layout_diamond_mine, mines5_lemuel
Elf:1:    elf_arrival_001, layout_geoelf_diagonals, minmay_elf_necromancy,
          st_stairs_1, nicolae_elf_w_pinch, serial_sigils_hangedman_gut,
          orc_legates
Elf:2:    elven_hall_of_blades_hangedman_original [mumra_blade_entry_dagger],
          layout_loops_cross, serial_shops, shop, st_stairs_11, uniq_roxanne
Elf:3:    elf_hall_gauntlet_narrow, layout_geoelf_octagon, serial_shops,
          shop_coins
Vaults:1: nicolae_vaults_network_periphery, nicolae_vaults_three_branches,
          nicolae_vaults_circle_grid_b, nicolae_vaults_disjoint_gnomons,
          hangedman_vaults_nodes, nicolae_vaults_triangles, v_misc_32,
          ontoclasm_vaults_echo, layout_vaults_maze_bifur, serial_shops,
          bzr_entry_gold
Vaults:2: minmay_crypt_entry_simple_box, st_lattice, grunt_vaults_funnel,
          dpeg_vaults_monster_box, nicolae_vaults_little_squares_3, v_misc_11,
          ontoclasm_vaults_claustrophobia, v_pattern_3, v_misc_10,
          layout_vaults_omnigrid
Vaults:3: v_misc_2, v_alt_pattern_1, hangedman_vaults_river_flow,
          v_alt_pattern_1, nicolae_vaults_ring_of_whatevers,
          nicolae_vaults_theta, nicolae_vaults_stairing_the_circle,
          vaults_room_glass_cross, hangedman_vaults_trim,
          ontoclasm_vaults_decontamination, hangedman_vaults_cutoff,
          layout_vaults_omnicross, uniq_saint_roka
Vaults:4: v_pattern_5, v_misc_17, hangedman_vaults_cutoff,
          nicolae_vaults_meeting, v_misc_23, nicolae_vaults_border_crossing,
          v_alt_pattern_1, nicolae_vaults_diagonal_hallway_7, v_rooms_4,
          nicolae_vaults_ring_of_whatevers, v_alt_pattern_1, v_misc_31,
          grunt_vaults_focal, vaults_mumra_hexcomb, layout_vaults_omnibox,
          serial_shops, shop
Crypt:1:  layout_gridlike, wad_floor_pattern_2
Crypt:2:  layout_misc_corridors
Crypt:3:  church_of_pain_bobbens, layout_chaotic_city, tomb_entry_simple_bobbens
Depths:1: nzn_winding_woodlands_medium [nzn_winding_woodlands_5x5_default,
          nzn_winding_woodlands_5x15_river_crossing,
          nzn_winding_woodlands_5x5_three, nzn_winding_woodlands_hourglass,
          nzn_winding_woodlands_center_lodge,
          nzn_winding_woodlands_5x5_checkerboard,
          nzn_winding_woodlands_5x5_closed_star,
          nzn_winding_woodlands_5x15_split_checker,
          nzn_winding_woodlands_5x5_default], layout_gridlike, serial_shops,
          kennysheep_mini_moat, biasface_ghost_demon_polymorph, pf_coc_iceberg,
          worldfamousw_hep_ancestral_shrine, firewood_loft, grunt_megastairs_2,
          uniq_nikola, uniq_aizul
Depths:2: nicolae_herringbone, layout_gridlike, enter_ziggurat_c,
          chequers_serial_rivers_marsh, hangedman_geh_valley,
          grunt_pan_entry_in_and_out
Depths:3: thingy_vault, layout_cave_shapes, kennysheep_pointless_box,
          lightli_too_deep, abyss_entry, serial_bayou_shore_a,
          infiniplex_staircase_spiral, roderic_lattice_octagonal_star
Depths:4: evilmike_zot_entry_basic, layout_basic, hellmouth_1,
          minmay_misc_feat_tower, uniq_sojobo, uniq_boris

Skill      XL: |  1  2  3  4  5  6  7  8  9 10 11 12 13 14 15 16 17 18 19 20 21 22 23 |
---------------+----------------------------------------------------------------------+-----
Spellcasting   | 2 3 4 5 7 8 9 10 11 12 13 14 15 16 17 | 17.2
Earth Magic    | 3 4 5 6 8 9 10 11 12 | 12.2
Conjurations   | 1 2 3 4 6 7 8 9 10 11 12 13 14 15 16 17 18 | 18.4
Air Magic      | 1 3 |  3.6
Dodging        | 2 4 6 7 8 9 10 11 12 13 14 15 16 17 | 17.3
Fighting       | 1 4 5 7 8 9 10 11 12 13 14 15 16 17 | 17.3
Fire Magic     | 3 5 6 8 10 12 14 15 16 17 18 19 | 19.9
Necromancy     | 4 |  4.0
Transmutations | 1 4 6 7 |  7.0
Translocations | 2 |  2.9
Stealth        | |  1.7

Action                     |  1- 3 |  4- 6 |  7- 9 | 10-12 | 13-15 | 16-18 | 19-21 | 22-24 || total
---------------------------+-------+-------+-------+-------+-------+-------+-------+-------++-------
  Melee: Unarmed           |    13 |    22 |       |       |       |       |       |       ||    35
         Whip              |       |       |    11 |    18 |    37 |    12 |       |       ||    78
         Staff             |       |       |     2 |     1 |    16 |       |     2 |       ||    21
         Dagger            |       |       |       |       |    10 |     8 |     2 |     1 ||    21
         Great sword       |       |       |       |       |     6 |    15 |       |       ||    21
         Double sword      |       |       |       |       |       |     4 |       |       ||     4
  Throw: Boomerang         |       |     3 |     3 |       |       |       |       |       ||     6
         Dart              |       |       |       |    12 |       |       |       |       ||    12
         Throwing net      |       |       |       |     3 |       |       |       |       ||     3
   Cast: Sandblast         |    50 |   102 |   115 |   166 |   101 |    17 |       |       ||   551
         Stone Arrow       |       |     2 |    80 |   262 |   390 |    66 |    67 |    22 ||   889
         Swiftness         |       |       |     1 |     2 |     3 |    10 |     7 |     7 ||    30
         Iron Shot         |       |       |       |    20 |   169 |   430 |   285 |   201 ||  1105
         Iskenderun's Myst |       |       |       |    15 |    42 |     8 |       |       ||    65
         Starburst         |       |       |       |       |    81 |    39 |    43 |    28 ||   191
         Fireball          |       |       |       |       |    10 |    86 |    74 |    45 ||   215
         Ignition          |       |       |       |       |       |    35 |    92 |   123 ||   250
         Sublimation of Bl |       |       |       |       |       |    18 |    48 |    65 ||   131
         Statue Form       |       |       |       |       |       |       |     4 |     2 ||     6
         Lehudib's Crystal |       |       |       |       |       |       |       |    11 ||    11
Ability: End Transformatio |       |       |       |       |       |       |     2 |     1 ||     3
  Evoke: Wand              |       |       |     3 |    16 |    10 |    12 |       |       ||    41
         Phantom mirror    |       |       |       |       |     1 |     1 |     1 |       ||     3
         Lightning rod     |       |       |       |       |       |       |     1 |       ||     1
    Use: Scroll            |       |       |       |    19 |    22 |    11 |     6 |     4 ||    62
         Potion            |       |       |       |       |     6 |     6 |     1 |     2 ||    15
 Armour: Leather armour    |    11 |    14 |    23 |       |       |       |       |       ||    48
         Steam dragon scal |       |       |    19 |     7 |       |       |       |       ||    26
         Acid dragon scale |       |       |       |    56 |    62 |       |       |       ||   118
         Troll leather arm |       |       |       |       |    18 |       |       |       ||    18
         Robe              |       |       |       |       |     1 |    31 |    12 |    22 ||    66
         Skin              |       |       |       |       |       |       |    10 |    11 ||    21
  Dodge: Dodged            |    34 |    35 |   118 |   248 |   622 |   317 |   138 |   136 ||  1648

Table legend: (Time is in decaauts)
 A = Elapsed time spent in this place.
 B = Non-inter-level travel time spent in this place.
 C = Inter-level travel time spent in this place.
 D = Time resting spent in this place.
 E = Time spent auto-exploring this place.
 F = Levels seen in this place.
 G = Mean time per level.
                   A        B        C        D        E       F      G
               +--------+--------+--------+--------+--------+-----+--------+
         Total |  90231 |  82353 |   7878 |  28407 |  36253 |  51 | 1769.2 |
       Dungeon |  20007 |  18009 |   1998 |   3161 |  11526 |  15 | 1333.8 |
          Lair |  11581 |  10243 |   1338 |   3294 |   4896 |   5 | 2316.2 |
        Shoals |   8279 |   7276 |   1003 |   4412 |    519 |   4 | 2069.8 |
   Spider Nest |  12239 |  11351 |    888 |   5587 |   3123 |   4 | 3059.8 |
    Slime Pits |   3863 |   3507 |    356 |   1264 |   1449 |   5 |  772.6 |
  Orcish Mines |   3348 |   2824 |    524 |    984 |   1037 |   2 | 1674.0 |
   Elven Halls |   7042 |   6126 |    916 |   2929 |   1476 |   3 | 2347.3 |
        Vaults |   8891 |   8474 |    417 |   1628 |   5667 |   4 | 2222.8 |
         Crypt |   4055 |   3934 |    121 |   1516 |   1666 |   3 | 1351.7 |
        Depths |   9867 |   9553 |    314 |   3168 |   4719 |   4 | 2466.8 |
        Bazaar |     99 |     99 |      0 |      0 |     54 |   1 |   99.0 |
        Bailey |    954 |    954 |      0 |    463 |    119 |   1 |  954.0 |
               +--------+--------+--------+--------+--------+-----+--------+

Top non-repeatable levels by time:
Depths:2: 4070 daAuts
Spider:3: 3725 daAuts
Spider:1: 3435 daAuts
    D:14: 3129 daAuts
  Lair:5: 3046 daAuts
Shoals:4: 3028 daAuts
   Elf:1: 2866 daAuts
Spider:4: 2685 daAuts
Vaults:2: 2414 daAuts
Spider:2: 2393 daAuts
Vaults:4: 2367 daAuts
  Lair:3: 2330 daAuts
  Lair:4: 2316 daAuts
   Orc:2: 2266 daAuts
Vaults:1: 2179 daAuts
